 Dungeon Crawl Stone Soup version 0.18.1-48-g4cf74bf (webtiles) character file.

725 Heedrag the Conjurer (level 7, -10/36 HPs)
             Began as a Deep Elf Conjurer on July 29, 2016.
             Was a Follower of Vehumet.
             Killed by divine providence
             ... invoked by an orc priest
              (12 damage)
             ... on level 5 of the Dungeon.
             The game lasted 00:11:00 (4942 turns).

Heedrag the Conjurer (Deep Elf Conjurer)            Turns: 4942, Time: 00:11:01

Health: -10/36     AC:  6    Str:  7    XL:     7   Next: 43%
Magic:  6/19       EV: 13    Int: 20    God:    Vehumet [*.....]
Gold:   120        SH:  0    Dex: 15    Spells: 5 memorised, 6 levels left

rFire  . . .     SeeInvis .     h - -1 short sword (curse)
rCold  . . .     Gourm    .     a - +0 robe
rNeg   . . .     Faith    .     (no shield)
rPois  +         Spirit   .     (no helmet)
rElec  .         Dismiss  .     o - +0 cloak
rCorr  +         Reflect  .     (no gloves)
SustAt .         Harm     .     C - +2 pair of boots of Unetecy {rCorr}
MR     +....                    (no amulet)
Stlth  ++........               E - ring of protection from magic
                                t - ring of poison resistance

@: somewhat resistant to hostile enchantments, unstealthy
A: no striking features
a: Renounce Religion


You were on level 5 of the Dungeon.
You worshipped Vehumet.
Vehumet was aware of your devotion.
You were hungry.

You visited 1 branch of the dungeon, and saw 5 of its levels.

You collected 120 gold pieces.

Inventory:

Hand Weapons
 h - a cursed -1 short sword (weapon)
 p - a +0 dagger
 D - a +1 dagger of protection
 F - a cursed -3 trident
Armour
 a - a +0 robe (worn)
 o - a +0 cloak (worn)
 C - the +2 pair of boots of Unetecy (worn) {rCorr}
   (You found it on level 4 of the Dungeon)

   It protects you from acid and corrosion.
Jewellery
 t - a ring of poison resistance (left hand)
 E - a ring of protection from magic (right hand)
Wands
 z - a wand of acid (6/15)
 G - a wand of enslavement (16/24)
 K - a wand of lightning (6/15)
Scrolls
 d - a scroll of fear {unknown}
 e - 2 scrolls of enchant armour {unknown}
 i - 3 scrolls of remove curse {unknown}
 l - 5 scrolls of identify {unknown}
 m - a scroll of amnesia {unknown}
 q - a scroll of noise {unknown}
 r - 2 scrolls of enchant weapon {unknown}
 u - a scroll of random uselessness {unknown}
 x - 2 scrolls of magic mapping {unknown}
 y - a scroll of recharging {unknown}
 B - a scroll of blinking {unknown}
 I - a scroll of teleportation {unknown}
Potions
 g - a potion of heal wounds {unknown}
 k - 2 potions of invisibility {unknown}
 n - a potion of flight {unknown}
 w - 2 potions of magic {unknown}
 A - a potion of resistance {unknown}
 J - a potion of agility {unknown}
Books
 b - a book of Conjurations

   Spells                             Type                      Level
   a - Magic Dart                     Conjuration                  1
   b - Searing Ray                    Conjuration                  2
   c - Dazzling Spray                 Conjuration/Hexes            3
   d - Fulminant Prism                Conjuration/Hexes            4
   e - Iskenderun's Mystic Blast      Conjuration                  4
   f - Iskenderun's Battlesphere      Conjuration/Charms           5
 v - Sif Muna's Grimoire of Calling
   (You found it on level 2 of the Dungeon)

   Spells                             Type                      Level
   a - Summon Butterflies             Summoning                    1
Comestibles
 c - 6 bread rations
 f - a slice of pizza
 j - 4 meat rations
 s - 3 fruits


   Skills:
 - Level 2.4 Dodging
 - Level 2.4 Stealth
 + Level 7.4 Spellcasting
 * Level 7.7 Conjurations
 + Level 3.6 Charms


You had 6 spell levels left.
You knew the following spells:

 Your Spells              Type           Power        Failure   Level  Hunger
a - Magic Dart            Conj           ####         1%          1    None
b - Dazzling Spray        Conj/Hex       ###...       8%          3    #......
c - Iskenderun's Mystic   Conj           #####...     4%          4    ###....
d - Iskenderun's Battles  Conj/Chrm      ####....     24%         5    #####..
e - Summon Butterflies    Summ           #.......     12%         1    None


Dungeon Overview and Level Annotations

Branches:
Dungeon (5/15)
 Temple: D:4-7

Altars:
Dithmenos
Elyvilon
Kikubaaqudgha
Nemelex Xobeh
Qazlal
Sif Muna
Trog
Vehumet
Yredelemnul
Zin


Message History

Tha orc warrior be heavily wounded.
Tha worker ant barely misses ye.
Castin': Iskenderun's Mestic Blast Confirm wit' . or Enter, or press ? or * ta list all spells.
Aimin': Iskenderun's Mestic Blast
Press: ? - help, Shift-Dir - straight line, f/p - orc warrior
Aim: an orc warrior, wieldin' a long sword an' wearin' a plate armour (heavily wounded) Tha orb o' energy hits tha orc warrior.
Tha orc warrior be severely wounded.
Tha orb o' energy 'splodes!
Tha mestic blast hits tha worker ant.
Tha worker ant be almost dead.
Yer battlesphere fires!
Tha barrage o' energy hits tha orc warrior.
Tha orc warrior be severely wounded.
Tha worker ant barely misses ye.
Tha orc warrior hits ye wit' a long sword!
* * * LOW HITPOINT WARNIN'
* * * Tha orc priest mumbles some strange prayers ta Beogh against ye.
Beogh smites ye!
Ye die...

#.# #.# #.##.# #.## #.#
#.# #.##.# #.# #.#####.#
#.##.###.# #.#.....#
#.##...#.#
#.#.#############
#.####.#.##
#.#.............# #a#
#.#... #.#############.#
#.# #.#### #.#
###.####o####.# ####.#
#@o.*.........# .....#
#a#.####.####.####
###### #.#......# #.....
#.#..##### #.###.
###########.#..# #.###.
#####..............####
#.##..
##.....................#
#....#
...###.#########.#.###.#
#..#.. #### #.# #.#.#
#.#####..##.


You could see an orc warrior, a worker ant, an orc priest and a friendly
battlesphere.

Vanquished Creatures
  The ghost of Heedrag the Destroyer, a novice DECj (D:5)
  A sky beast (D:5)
  A centaur (D:5)
  A centaur zombie (D:5)
  A crimson imp (D:5)
  2 orc wizards
  An iguana (D:4)
  2 worker ants (D:5)
  A hound skeleton (D:5)
  3 adders
  A shadow imp (D:5)
  An ooze (D:5)
  3 dart slugs
  3 giant geckos
  13 orcs
  9 bats
  6 giant cockroaches
  8 goblins
  8 hobgoblins
  6 kobolds
  3 quokkas
  A ball python (D:2)
  4 giant newts
  2 quokka skeletons
  4 rats
86 creatures vanquished.

Notes
Turn   | Place    | Note
--------------------------------------------------------------
     0 | D:1      | Heedrag the Deep Elf Conjurer began the quest for the Orb.
     0 | D:1      | Reached XP level 1. HP: 10/10 MP: 6/6
   153 | D:1      | Reached XP level 2. HP: 14/15 MP: 5/8
   279 | D:1      | Reached skill level 5 in Conjurations
  1167 | D:2      | Reached XP level 3. HP: 19/19 MP: 8/10
  1172 | D:2      | Learned a level 3 spell: Dazzling Spray
  1198 | D:2      | Found a white marble altar of Elyvilon.
  1284 | D:2      | Found a sparkling altar of Nemelex Xobeh.
  1449 | D:2      | Found a shadowy altar of Dithmenos.
  1961 | D:2      | Found an ancient bone altar of Kikubaaqudgha.
  1965 | D:2      | Found a deep blue altar of Sif Muna.
  1973 | D:2      | Found a radiant altar of Vehumet.
  1980 | D:2      | Became a worshipper of Vehumet
  1988 | D:2      | Identified Sif Muna's Grimoire of Calling
  1991 | D:2      | Learned a level 1 spell: Summon Butterflies
  2252 | D:3      | Reached XP level 4. HP: 24/24 MP: 7/11
  2588 | D:3      | Found a bloodstained altar of Trog.
  2616 | D:3      | Learned a level 4 spell: Iskenderun's Mystic Blast
  2901 | D:4      | Got a pair of transparent boots
  2907 | D:4      | Identified the +2 pair of boots of Unetecy {rCorr} (You found it on level 4 of the Dungeon)
  3013 | D:4      | Found a glowing silver altar of Zin.
  3350 | D:4      | Reached skill level 5 in Spellcasting
  3350 | D:4      | Reached XP level 5. HP: 18/28 MP: 6/14
  3527 | D:5      | Entered Level 5 of the Dungeon
  3541 | D:5      | Reached * piety under Vehumet
  3541 | D:5      | Offered knowledge of Sting by Vehumet.
  3550 | D:5      | Learned a level 5 spell: Iskenderun's Battlesphere
  3600 | D:5      | Noticed a centaur
  3612 | D:5      | Killed a centaur
  3612 | D:5      | Reached XP level 6. HP: 8/32 MP: 5/17
  3810 | D:5      | Noticed Heedrag's ghost (novice DECj)
  3811 | D:5      | Found a basalt altar of Yredelemnul.
  3824 | D:5      | Killed Heedrag's ghost
  3830 | D:5      | Noticed an orc warrior
  3969 | D:5      | Noticed a sky beast
  3973 | D:5      | Killed a sky beast
  3973 | D:5      | Reached XP level 7. HP: 25/36 MP: 3/19
  4227 | D:5      | Found a stormy altar of Qazlal.
  4942 | D:5      | Killed from afar by an orc priest

Skill      XL: |  1  2  3  4  5  6 |
---------------+-------------------+-----
Conjurations   | 5 6 7 |  7.7
Spellcasting   | 5 6 7 |  7.4
Charms         | 3 |  3.6
Dodging        | |  2.4
Stealth        | |  2.4

Action                   |  1- 3 |  4- 6 |  7- 9 || total
-------------------------+-------+-------+-------++-------
Melee: Short sword       |    10 |     1 |     9 ||    20
 Cast: Magic Dart        |    83 |    59 |    30 ||   172
       Dazzling Spray    |       |     9 |     1 ||    10
       Summon Butterflie |       |     4 |     2 ||     6
       Iskenderun's Myst |       |     6 |     8 ||    14
       Iskenderun's Batt |       |       |     1 ||     1
  Eat: Chunk             |     4 |     6 |     3 ||    13
       Beef jerky        |       |       |     1 ||     1
Armor: Robe              |       |     6 |     3 ||     9
Dodge: Dodged            |    15 |    17 |    15 ||    47
